 Dungeon Crawl Stone Soup version 0.16.1-2-g95b8d4c (webtiles) character file.

466 inmateoo the Insei (level 7, -5/40 HPs)
             Began as a Tengu Transmuter on Mar 24, 2015.
             Was a Believer of Cheibriados.
             Slain by a centaur (10 damage)
             ... on level 5 of the Dungeon.
             The game lasted 00:06:02 (5570 turns).

inmateoo the Insei (Tengu Transmuter)               Turns: 5570, Time: 00:06:02

Health: -5/40      AC:  2    Str: 15    XL:     7   Next: 8%
Magic:  10/16      EV: 23    Int: 21    God:    Cheibriados [**....]
Gold:   225        SH:  0    Dex: 26    Spells: 3 memorised, 6 levels left

rFire  . . .     SeeInvis .       - Unarmed
rCold  . . .     Clarity  .     i - melded +1 leather armour {rPois}
rNeg   . . .     SustAb   .     (shield currently unavailable)
rPois  x         Gourm    .     (helmet currently unavailable)
rElec  .         Spirit   .     f - melded +0 cloak {MR+}
rCorr  .         Warding  .     (gloves currently unavailable)
rMut   .         Stasis   .     (boots unavailable)
MR     .....                    (no amulet)
Stlth  ++........               (no ring)
                                h - +2 ring of dexterity

@: spider-form, very slightly contaminated, very slow, not resistant to hostile
enchantments, unstealthy
A: able to fly, (beak), (talons 0)
a: Fly, End Transformation, Bend Time, Renounce Religion


You were on level 5 of the Dungeon.
You worshipped Cheibriados.
Cheibriados was pleased with you.
You were not hungry.
You were a venomous arachnid creature.
You visited 1 branch of the dungeon, and saw 5 of its levels.

You collected 225 gold pieces.

Inventory:

Missiles
 b - 62 arrows
Armour
 f - a +0 cloak of magic resistance (melded)
 i - a +1 leather armour of poison resistance (melded)
Jewellery
 h - a +2 ring of dexterity (left front leg)
 o - an uncursed ring of fire
 q - an uncursed ring of ice
 u - an uncursed amulet of the gourmand {unknown}
Magical devices
 t - a wand of polymorph (10)
Scrolls
 n - 5 scrolls of teleportation
 r - 4 scrolls of fear
 v - a scroll of remove curse {unknown}
Potions
 c - a potion of ambrosia
 e - 5 potions of curing
 l - 3 potions of flight {unknown}
 m - a potion of poison {unknown}
 p - 3 potions of agility {unknown}
Books
 d - a book of Changes

   Spells                             Type                      Level
   a - Beastly Appendage              Transmutation                1
   b - Sticks to Snakes               Transmutation                2
   c - Spider Form                    Transmutation/Poison         3
   d - Ice Form                       Ice/Transmutation            4
   e - Blade Hands                    Transmutation                5
Comestibles
 a - 5 bread rations
 g - a meat ration
 j - 5 fruits
 k - a beef jerky
 s - 3 slices of pizza


   Skills:
 + Level 2.2 Fighting
 + Level 3.3 Dodging
 * Level 5.8 Unarmed Combat
 + Level 3.0 Spellcasting
 * Level 3.3 Transmutations


You had 6 spell levels left.
You knew the following spells:

 Your Spells              Type           Power        Failure   Level  Hunger
a - Beastly Appendage     Trmt           ###...       12%         1    None
b - Sticks to Snakes      Trmt           ###.......   17%         2    ##.....
c - Spider Form           Trmt/Pois      ##........   45%         3    ###....


Dungeon Overview and Level Annotations

Branches:
Dungeon (5/15)
 Temple: D:4-7

Altars:
Cheibriados
Kikubaaqudgha
Makhleb
Okawaru
Trog


Innate Abilities, Weirdness & Mutations

You can fly.
((You have a beak for a mouth.))
((You have claws for feet.))


Message History

Confirm with . or Enter, or press ? or * to list all spells.
You miscast Spider Form.
You are very lightly contaminated with residual magic.
You feel sick. The centaur misses you.
Unknown command.
Unknown command.
Casting: Spider Form
Confirm with . or Enter, or press ? or * to list all spells.
You turn into a venomous arachnid creature.
Your +0 cloak of magic resistance melds into your body.
Your +1 leather armour of poison resistance melds into your body.
You feel less resistant to hostile enchantments.
You no longer feel resistant to poison.
The centaur barely misses you. The centaur hits you.
* * * LOW HITPOINT WARNING * * *
Unknown command.
You hit the centaur but do no damage.
The centaur is lightly wounded.
The centaur hits you!
You die...

.....#......#.....
.....##....##......#
##....#....##......#
.#....#....#.......#
.#....'....#.......#
.+....#....+.......#
##.†..#....##......#
#.....#..).##(.....#
#.....#.....(.((s..#
#.....#..........c.#
'.....+............#
#.....#............#
#.....##############
#######


You could see a centaur.

Vanquished Creatures
  An ogre (D:4)
  2 hounds
  Crazy Yiuf (D:4)
  An iguana (D:5)
  A worker ant (D:3)
  The ghost of puimuR the Scratcher, a weakling FeTm (D:4)
  11 adders
  2 giant mites (D:3)
  5 worms
  4 giant geckos
  3 oozes
  An orc (D:3)
  A bat skeleton (D:4)
  8 goblins
  9 hobgoblins
  7 jackals
  11 kobolds
  15 bats
  5 giant cockroaches
  6 giant newts
  A quokka (D:2)
  2 quokka skeletons
  7 rats
105 creatures vanquished.

Notes
Turn   | Place    | Note
--------------------------------------------------------------
     0 | D:1      | inmateoo, the Tengu Transmuter, began the quest for the Orb.
     0 | D:1      | Reached XP level 1. HP: 12/12 MP: 3/3
   263 | D:1      | Reached XP level 2. HP: 16/16 MP: 5/5
   608 | D:1      | Reached XP level 3. HP: 16/20 MP: 7/7
   687 | D:1      | Learned a level 2 spell: Sticks to Snakes
   691 | D:1      | Learned a level 3 spell: Spider Form
   707 | D:1      | Reached skill level 4 in Unarmed Combat
  1594 | D:2      | Found an iron altar of Okawaru.
  1663 | D:2      | Reached XP level 4. HP: 12/25 MP: 6/8
  2229 | D:2      | Found a snail-covered altar of Cheibriados.
  2240 | D:2      | Became a worshipper of Cheibriados the Contemplative
  2758 | D:2      | Found a bloodstained altar of Trog.
  3113 | D:3      | Reached XP level 5. HP: 25/29 MP: 9/11
  3485 | D:3      | Reached skill level 5 in Unarmed Combat
  3502 | D:3      | Found an ancient bone altar of Kikubaaqudgha.
  3509 | D:3      | Acquired Cheibriados' first power
  3902 | D:3      | Found a burning altar of Makhleb.
  3916 | D:3      | Reached XP level 6. HP: 26/35 MP: 13/13
  4110 | D:4      | Noticed puimuR's ghost (weakling FeTm)
  4125 | D:4      | Killed puimuR's ghost
  4581 | D:4      | Noticed Crazy Yiuf
  4597 | D:4      | Killed Crazy Yiuf
  4953 | D:5      | Entered Level 5 of the Dungeon
  5312 | D:5      | Reached XP level 7. HP: 29/40 MP: 16/16
  5570 | D:5      | Slain by a centaur

Action                   |  1- 3 |  4- 6 |  7- 9 || total
-------------------------+-------+-------+-------++-------
Melee: Unarmed           |   104 |   210 |    25 ||   339
 Cast: Beastly Appendage |     9 |    13 |     1 ||    23
       Spider Form       |       |       |     1 ||     1
  Use: Scroll            |     2 |     6 |       ||     8
       Potion            |     1 |     3 |       ||     4
 Stab: Sleeping          |       |       |     1 ||     1
  Eat: Chunk             |     1 |     6 |     1 ||     8
       Meat ration       |       |     1 |       ||     1
